 Dungeon Crawl Stone Soup version 0.27-a0-1342-ga99462a43c (webtiles) character file.

Game seed: 7167159987924283319

349 Gargoyl the Skirmisher (level 6, -6/53 HPs)
             Began as a Gnoll Abyssal Knight on June 27, 2021.
             Was a Believer of Lugonu.
             Mangled by a small abomination (13 damage)
             ... on level 4 of the Dungeon.
             The game lasted 00:04:50 (3566 turns).

Gargoyl the Skirmisher (Gnoll Abyssal Knight)       Turns: 3566, Time: 00:04:51

Health: -6/53      AC: 10    Str: 24    XL:     6   Next: 60%
Magic:  9/9        EV:  9    Int: 11    God:    Lugonu [**....]
Gold:   181        SH:  9    Dex: 11    Spells: 9/9 levels left

rFire    . . .     SeeInvis .   a - +1 hand axe (vorpal)
rCold    . . .     Faith    .   i - +0 kite shield
rNeg     + + .     Spirit   .   e - +0 ring mail
rPois    .         Reflect  .   (no helmet)
rElec    .         Harm     .   (no cloak)
rCorr    .         Rampage  +   c - +3 pair of gloves "Emoc" {Rampage Str+4}
Will     .....                  (no boots)
Stlth    +.........             (no amulet)
HPRegen  0.17/turn              d - ring of Weineurch {rN++ Str+6}
MPRegen  0.11/turn              (no ring)

@: flying
A: fangs 1, strong nose, distributed training
a: Renounce Religion, Depart the Abyss, Bend Space


You were on level 4 of the Dungeon.
You worshipped Lugonu.
Lugonu was pleased with you.
You visited 1 branch of the dungeon, and saw 4 of its levels.
You visited the Abyss 1 time.

You collected 181 gold pieces.

Inventory:

Hand Weapons
 a - a +1 vorpal hand axe (weapon)
 g - a +2 war axe
Missiles
 b - 17 poisoned darts (quivered)
 n - 6 atropa-tipped darts
Armour
 c - the +3 pair of gloves "Emoc" (worn) {Rampage Str+4}
   (You found it on level 2 of the Abyss)

   It affects your strength (+4).
   It bestows one free step when moving towards enemies.
 e - a +0 ring mail (worn)
 i - a +0 kite shield (worn)
Jewellery
 d - the ring of Weineurch (left hand) {rN++ Str+6}
   (You acquired it on level 2 of the Dungeon)

   [ring of strength]

   It affects your strength (+6).
   It greatly protects you from negative energy.
Potions
 m - a potion of mutation {unknown}


   Skills:
 + Level 6.8 Fighting
 + Level 2.0 Short Blades
 + Level 2.0 Long Blades
 + Level 5.0 Axes
 + Level 2.0 Maces & Flails
 + Level 2.0 Polearms
 + Level 2.0 Staves
 + Level 2.0 Slings
 + Level 2.0 Bows
 + Level 2.0 Crossbows
 + Level 2.0 Throwing
 + Level 5.0 Armour
 + Level 3.3 Dodging
 + Level 2.0 Stealth
 + Level 2.0 Shields
 + Level 2.0 Unarmed Combat
 + Level 2.0 Spellcasting
 + Level 1.6 Conjurations
 + Level 1.6 Hexes
 + Level 1.6 Summonings
 + Level 1.6 Necromancy
 + Level 1.6 Translocations
 + Level 1.6 Transmutations
 + Level 1.6 Fire Magic
 + Level 1.6 Ice Magic
 + Level 1.6 Air Magic
 + Level 1.6 Earth Magic
 + Level 1.6 Poison Magic
 + Level 5.1 Invocations
 + Level 2.0 Evocations


You had 9 spell levels left.
You didn't know any spells.
Your spell library contained the following spells:

 Spells                   Type           Power      Damage    Failure   Level
 Animate Skeleton         Necr           8%         N/A       77%         1
 Apportation              Tloc           8%         N/A       77%         1
 Corona                   Hex            4%         N/A       77%         1
 Summon Small Mammal      Summ           16%        N/A       77%         1


Dungeon Overview and Level Annotations

Branches:
Dungeon (4/15)
 Temple: D:4-7

Altars:
Kikubaaqudgha

Portals:
Abyss: D:4

Annotations:
D:4 fly's ghost, novice HuDe


Innate Abilities, Weirdness & Mutations

You have very sharp teeth.
Your uncanny sense of smell can sniff out nearby items.
Your experience applies equally to all skills.


Message History

You feel much better. The gnoll barely misses you.
Okay, then.
You block fly's ghost's attack.
The gnoll hits you from afar with a +0 spear of distortion.
You blink.
The small abomination closely misses you.
You see here Lugonu's Volume of the Compass.
The small abomination completely misses you.
You block the small abomination's attack.
The small abomination barely misses you.
There is a transporter here.
You enter the transporter and appear at another place.
You block the small abomination's attack. x2
The small abomination closely misses you.
Unknown command.
Space bends around you!
You blink.
The small abomination barely misses you.
The small abomination hits you but does no damage.
The small abomination hits you. The small abomination hits you!
You block the small abomination's attack.
Okay, then.
You feel better.
You block the small abomination's attack.
The small abomination hits you.
It was a potion of flight.
You feel very buoyant.
You fly up into the air.
You block the small abomination's attack.
The small abomination hits you!
* * * LOW HITPOINT WARNING * * *
The small abomination barely misses you.
You feel better.
You block the small abomination's attack. x2
You barely miss the small abomination.
The small abomination is moderately damaged.
You hit the small abomination. The small abomination hits you!
* * * LOW HITPOINT WARNING * * *
The small abomination hits you!
You die...

##.....# ####### #.....##
##..##.# ##....##
#....#.####..†.##
##........##...## ###
##..#.#.........## ###.#
##...#.#..........## ##....
#....#.............# #.....
##.......x@........####....
#...##..x.......#..#......
####..###..........#.........
##.###..##...[..........##....
#.................#..>###..)..
#......###...........###....##
##..........##.....#........#.
###.......##..#.####.........
##.......##.####..........<


You could see 2 small abominations.

Vanquished Creatures
  A necrophage (D:4)
  3 hounds
  A bullfrog skeleton (D:4)
  An iguana (D:4)
  A hound skeleton (D:4)
  A gnoll (D:3)
  3 adders
  5 dart slugs
  An orc (D:4)
  8 ball pythons
  An endoplasm (D:3)
  3 giant cockroaches
  9 goblins
  8 hobgoblins
  2 jackals (D:1)
  5 quokkas
  3 bats (D:1)
  A frilled lizard (D:1)
  8 kobolds
  4 rats
69 creatures vanquished.

Notes
Turn   | Place    | Note
-------+----------+-------------------------------------------
     0 | Abyss:1  | Gargoyl the Gnoll Abyssal Knight began the quest for the
                  | Orb.
     0 | Abyss:1  | Reached XP level 1. HP: 23/23 MP: 3/3
     0 | Abyss:1  | Found a corrupted altar of Lugonu.
    73 | Abyss:1  | Noticed a catoblepas skeleton
    74 | Abyss:1  | Noticed a chaos spawn
   101 | Abyss:2  | Identified the +3 pair of gloves "Emoc" {Rampage Str+4}
   196 | Abyss:2  | Noticed a wretched star
   196 | D:1      | Escaped the Abyss
   353 | D:1      | Reached XP level 2. HP: 23/29 MP: 5/5
   366 | D:1      | Reached * piety under Lugonu
  1122 | D:1      | Reached XP level 3. HP: 35/35 MP: 6/6
  1741 | D:2      | Found a faded altar of an unknown god.
  1743 | D:2      | Identified a scroll of acquirement
  1743 | D:2      | Acquired the ring of Weineurch {rN++ Str+6}
  2054 | D:2      | Reached skill level 1 in Short Blades
  2054 | D:2      | Reached skill level 1 in Long Blades
  2054 | D:2      | Reached skill level 1 in Maces & Flails
  2054 | D:2      | Reached skill level 1 in Polearms
  2054 | D:2      | Reached skill level 1 in Staves
  2054 | D:2      | Reached skill level 1 in Slings
  2054 | D:2      | Reached skill level 1 in Bows
  2054 | D:2      | Reached skill level 1 in Crossbows
  2054 | D:2      | Reached skill level 1 in Throwing
  2054 | D:2      | Reached skill level 1 in Stealth
  2054 | D:2      | Reached skill level 1 in Shields
  2054 | D:2      | Reached skill level 1 in Unarmed Combat
  2054 | D:2      | Reached skill level 1 in Spellcasting
  2054 | D:2      | Reached skill level 1 in Evocations
  2145 | D:2      | Found an ancient bone altar of Kikubaaqudgha.
  2223 | D:3      | Reached XP level 4. HP: 41/41 MP: 7/7
  2466 | D:3      | Reached skill level 1 in Conjurations
  2466 | D:3      | Reached skill level 1 in Hexes
  2466 | D:3      | Reached skill level 1 in Summonings
  2466 | D:3      | Reached skill level 1 in Necromancy
  2466 | D:3      | Reached skill level 1 in Translocations
  2466 | D:3      | Reached skill level 1 in Transmutations
  2466 | D:3      | Reached skill level 1 in Fire Magic
  2466 | D:3      | Reached skill level 1 in Ice Magic
  2466 | D:3      | Reached skill level 1 in Air Magic
  2466 | D:3      | Reached skill level 1 in Earth Magic
  2466 | D:3      | Reached skill level 1 in Poison Magic
  2472 | D:3      | Reached XP level 5. HP: 47/47 MP: 8/8
  2920 | D:4      | Reached ** piety under Lugonu
  3086 | D:4      | Noticed a necrophage
  3095 | D:4      | Killed a necrophage
  3096 | D:4      | Reached skill level 5 in Axes
  3096 | D:4      | Reached skill level 5 in Armour
  3096 | D:4      | Reached skill level 5 in Invocations
  3096 | D:4      | Reached XP level 6. HP: 53/53 MP: 9/9
  3186 | D:4      | Found a transporter.
  3187 | D:4      | Found a one-way gate to the infinite horrors of the Abyss.
  3187 | D:4      | Noticed fly's ghost (novice HuDe)
  3221 | D:4      | Noticed a small abomination
  3398 | D:4      | Found a transporter.
  3538 | D:4      | HP: 2/53 [gnoll (5)]
  3566 | D:4      | Mangled by a small abomination

Illustrated notes

Levels and vault maps discovered:
D:1:      nzn_arrival_depleted_hourglass, layout_basic
D:2:      layout_basic, shapermc_ecumenical_altar_venn, basic_altar,
          chequers_serial_rivers_marsh
D:3:      layout_loops_ring, cheibrodos_gnoll_hut
D:4:      layout_cave_pools, gammafunk_ghost_abyssal_escape,
          kennysheep_generic_room_12

Skill      XL: |  1  2  3  4  5  6 |
---------------+-------------------+-----
Short Blades   | 1 2 |  2.0
Long Blades    | 1 2 |  2.0
Maces & Flails | 1 2 |  2.0
Polearms       | 1 2 |  2.0
Staves         | 1 2 |  2.0
Slings         | 1 2 |  2.0
Bows           | 1 2 |  2.0
Crossbows      | 1 2 |  2.0
Throwing       | 1 2 |  2.0
Stealth        | 1 2 |  2.0
Shields        | 1 2 |  2.0
Unarmed Combat | 1 2 |  2.0
Spellcasting   | 1 2 |  2.0
Evocations     | 1 2 |  2.0
Conjurations   | 1 |  1.6
Hexes          | 1 |  1.6
Summonings     | 1 |  1.6
Necromancy     | 1 |  1.6
Translocations | 1 |  1.6
Transmutations | 1 |  1.6
Fire Magic     | 1 |  1.6
Ice Magic      | 1 |  1.6
Air Magic      | 1 |  1.6
Earth Magic    | 1 |  1.6
Poison Magic   | 1 |  1.6
Dodging        | 3 |  3.3
Axes           | 5 |  5.0
Armour         | 5 |  5.0
Invocations    | 5 |  5.1
Fighting       | |  6.8

Action                   |  1- 3 |  4- 6 || total
-------------------------+-------+-------++-------
Melee: Hand axe          |   117 |    76 ||   193
       Bite              |    11 |    11 ||    22
Throw: Dart              |       |     1 ||     1
Invok: Depart the Abyss  |     1 |       ||     1
       Bend Space        |       |     1 ||     1
  Use: Scroll            |     4 |     4 ||     8
       Potion            |       |     6 ||     6
Armor: Leather armour    |    20 |       ||    20
       Ring mail         |    36 |    37 ||    73
Dodge: Dodged            |    69 |    27 ||    96
Block: Kite shield       |     6 |    40 ||    46

Table legend: (Time is in decaauts)
 A = Elapsed time spent in this place.
 B = Non-inter-level travel time spent in this place.
 C = Inter-level travel time spent in this place.
 D = Time resting spent in this place.
 E = Time spent auto-exploring this place.
 F = Levels seen in this place.
 G = Mean time per level.
                   A        B        C        D        E       F      G
               +--------+--------+--------+--------+--------+-----+--------+
         Total |   3602 |   3465 |    137 |      0 |   2836 |   6 |  600.3 |
       Dungeon |   3406 |   3269 |    137 |      0 |   2681 |   4 |  851.5 |
         Abyss |    195 |    195 |      0 |      0 |    155 |   2 |   97.5 |
               +--------+--------+--------+--------+--------+-----+--------+

Top non-repeatable levels by time:
     D:1: 1111 daAuts
     D:2: 862 daAuts
     D:3: 725 daAuts
     D:4: 708 daAuts
 Abyss:2: 101 daAuts
 Abyss:1: 94 daAuts
